 Dungeon Crawl Stone Soup version 0.19.0 (webtiles) character file.

317 Danakh the Skirmisher (level 6, 0/48 HPs)
             Began as a Demonspawn Fighter on Nov 12, 2016.
             Succumbed to an adder's poison
             ... on level 2 of the Dungeon.
             The game lasted 00:09:38 (3774 turns).

Danakh the Skirmisher (Demonspawn Fighter)          Turns: 3774, Time: 00:09:38

Health: 0/48       AC: 15    Str: 18    XL:     6   Next: 20%
Magic:  6/6        EV:  3    Int: 10    God:
Gold:   165        SH:  7    Dex: 12    Spells: 0 memorised, 5 levels left

rFire  + + .     SeeInvis .     a - +0 war axe
rCold  + . .     Gourm    +     o - +0 chain mail
rNeg   . . .     Faith    .     c - +0 shield
rPois  +         Spirit   .     k - +0 helmet
rElec  +         Reflect  .     (no cloak)
rCorr  +         Harm     .     (no gloves)
MR     +....                    (no boots)
Stlth  ..........               s - amulet of the gourmand
                                b - ring of protection from magic
                                g - ring of poison resistance

@: lethally poisoned (0 -> -6), exhausted, resistant, sanguine armour, flying,
slowed, very heavily drained, very slow
A: fire resistance 1, sanguine armour 1
a: no special abilities


You were on level 2 of the Dungeon.
You were not hungry.

You visited 1 branch of the dungeon, and saw 4 of its levels.

You collected 165 gold pieces.

Inventory:

Hand Weapons
 a - a +0 war axe (weapon)
Armour
 c - a +0 shield (worn)
 k - a +0 helmet (worn)
 o - a +0 chain mail (worn)
Jewellery
 b - a ring of protection from magic (right hand)
 g - a ring of poison resistance (left hand)
 s - an amulet of the gourmand (around neck)
Scrolls
 d - a scroll of magic mapping {unknown}
 e - 5 scrolls of identify {unknown}
 h - a scroll of fog {unknown}
 j - a scroll of enchant armour {unknown}
 l - a scroll of fear {unknown}
 m - 2 scrolls of enchant weapon {unknown}
 n - 4 scrolls of remove curse {unknown}
 q - 2 scrolls of teleportation {unknown}
 t - a scroll of immolation {unknown}
Potions
 i - a potion of magic
Comestibles
 f - 3 bread rations


   Skills:
 + Level 4.2(0.0) Fighting
 * Level 3.7(0.0) Axes
 + Level 3.5(0.0) Armour
 + Level 3.9(0.0) Shields


You had 5 spell levels left.
You didn't know any spells.

Dungeon Overview and Level Annotations

Branches:
Dungeon (4/15)
 Temple: D:4-7

Altars:
Hepliaklqana
Nemelex Xobeh
Xom
Zin

Shops:
D:4 *

Annotations:
D:3 Blork the orc


Innate Abilities, Weirdness & Mutations

Your flesh is heat resistant. (rF+)
When seriously injured, your bleeding wounds create armour. (AC +6)


Message History

* * * LOW HITPOINT WARNING * * *
You feel sick.
You are too berserk!
* * * LOW HITPOINT WARNING * * *
You feel sick.
You see here an adder corpse.
You butcher the adder corpse.
You feel a strong urge to attack something.
You see here 2 chunks of flesh.
You are too berserk!
There is a lethal amount of poison in your body!
* * * LOW HITPOINT WARNING * * *
You feel sick.
You feel your anger subside.
You are no longer berserk.
You are exhausted.
You feel yourself slow down.
Okay, then.
Put on which piece of jewellery? (? for menu, Esc to quit)
b - a ring of protection from magic (right hand)
You die...

.#####.#####.#.#.##.# .#
#.......#.<....# .#
###########.#### .#
####### #.# .# #.....#
#.# ## #.....# #.# #
#.....# #.# # #.....#
##.## # #.....# #.@># #
###.########...#
######.......##...#
........####.###.##
..#.###.####.###.########
.###.##.................#
..#.###.##.#(.#####.###.#
...###........#
#.###.######
..........)##.#
#..........####


There were no monsters in sight!

Vanquished Creatures
  A scorpion (D:3)
  A worker ant (D:4)
  Robin (D:2)
  8 adders
  7 gnolls (D:2)
  3 worms (D:3)
  A dart slug (D:1)
  2 leopard geckos
  5 orcs
  8 bats
  3 giant cockroaches
  11 goblins
  4 hobgoblins
  3 jackals (D:2)
  8 kobolds
  2 quokkas
  4 frilled lizards
  4 rats
76 creatures vanquished.

Notes
Turn   | Place    | Note
-------+----------+-------------------------------------------
     0 | D:1      | Danakh the Demonspawn Fighter began the quest for the Orb.
     0 | D:1      | Reached XP level 1. HP: 18/18 MP: 1/1
   172 | D:1      | Gained mutation: When seriously injured, your bleeding wounds create armour. (AC +6) [demonic ancestry]
   172 | D:1      | Reached XP level 2. HP: 24/24 MP: 2/2
   769 | D:2      | Reached XP level 3. HP: 29/29 MP: 3/3
  1249 | D:2      | Reached XP level 4. HP: 24/35 MP: 4/4
  1680 | D:2      | Reached XP level 5. HP: 35/42 MP: 5/5
  1777 | D:2      | Reached skill level 4 in Fighting
  1833 | D:2      | Noticed Robin
  1843 | D:2      | Killed Robin
  2382 | D:3      | Found a shimmering altar of Xom.
  2384 | D:3      | Found a basalt altar of Yredelemnul.
  2384 | D:3      | Found a shimmering altar of Xom.
  2386 | D:3      | Found a glowing silver altar of Zin.
  2386 | D:3      | Found a sparkling altar of Nemelex Xobeh.
  2386 | D:3      | Found a glowing silver altar of Zin.
  2744 | D:3      | Gained mutation: Your flesh is heat resistant. (rF+) [demonic ancestry]
  2744 | D:3      | Reached XP level 6. HP: 37/48 MP: 6/6
  3001 | D:4      | Found Pineck's Practical Paraphernalia.
  3500 | D:4      | Found a glowing silver altar of Zin.
  3501 | D:4      | Noticed an angel
  3685 | D:4      | Found a hazy altar of Hepliaklqana.
  3698 | D:4      | Noticed Blork the orc
  3768 | D:2      | HP: 3/72 [adder (4)]
  3772 | D:2      | HP: 1/72 [poisoned by an adder]
  3774 | D:2      | Succumbed to an adder's poison

Skill      XL: |  1  2  3  4  5 |
---------------+----------------+-----
Axes           | 2 3 |  3.7
Shields        | 3 |  3.9
Armour         | 3 |  3.5
Fighting       | 4 |  4.2

Action                   |  1- 3 |  4- 6 || total
-------------------------+-------+-------++-------
Melee: War axe           |   110 |   294 ||   404
  Use: Potion            |       |     7 ||     7
  Eat: Chunk             |     1 |    13 ||    14
Armor: Scale mail        |    83 |    68 ||   151
       Chain mail        |       |   115 ||   115
Dodge: Dodged            |    39 |    97 ||   136
Block: Shield            |    65 |   160 ||   225
